1931 views
Uploaded 2023-04-16 14:54:20
Game version 1.35 (6115)
33:08 long 4on4 ladder game on (8)EkrezemsMaze_S2_v1.1
Saved by DKnight
1931 views
Uploaded 2023-04-16 14:54:20
Game version 1.35 (6115)
33:08 long 4on4 ladder game on (8)EkrezemsMaze_S2_v1.1


270 units @ 38.7k
/ 5k
116 buildings @ 17.6k
/ 7.8k


| Orb of Venom | 1 | 325 |
| Scroll of Town Portal | 3 | 1050 |
| total: | 4 | 1375g |
| Wisp | 14 | 840 | / | 0 |
| Archer | 47 | 6110 | / | 470 |
| Hippogryph | 29 | 4640 | / | 580 |
| total: | 90 | 11590g | / | 1050w |
| Ancient Protector | 7 | 945 | / | 560 |
| Altar of Elders | 2 | 360 | / | 100 |
| Moon Well | 9 | 1620 | / | 360 |
| Ancient of War | 1 | 150 | / | 60 |
| Hunter's Hall | 1 | 210 | / | 100 |
| Ancient of Wonders | 1 | 90 | / | 30 |
| Tree of Life | 1 | 340 | / | 185 |
| Ancient of Wind | 1 | 150 | / | 140 |
| Chimaera Roost | 1 | 140 | / | 190 |
| Tree of Ages | 1 | 320 | / | 180 |
| Tree of Eternity | 1 | 330 | / | 200 |
| total: | 24 | 4005g | / | 1725w |
| 0:02 | Wisp |
| 0:03 | Wisp |
| 0:08 | Altar of Elders |
| 0:12 | Altar of Elders |
| 0:14 | Moon Well |
| 0:27 | Ancient of War |
| 0:36 | Wisp |
| 0:38 | Wisp |
| 0:47 | Wisp |
| 0:52 | Wisp |
| 1:07 | Wisp |
| 1:21 | Wisp |
| 1:35 | Moon Well |
| 1:38 | Archer |
| 1:44 | Wisp |
| 1:54 | Archer |
| 2:14 | Evasion |
| 2:29 | Hunter's Hall |
| 2:36 | Archer |
| 2:41 | Wisp |
| 3:05 | Tree of Ages |
| 3:18 | Archer |
| 3:32 | Moon Well |
| 3:40 | Moon Well |
| 3:53 | Immolation |
| 4:03 | Ancient Protector |
| 4:07 | Archer |
| 4:08 | Archer |
| 4:46 | Archer |
| 5:25 | Ancient Protector |
| 5:28 | Improved Bows |
| 5:29 | Tree of Eternity |
| 6:01 | Ancient of Wonders |
| 6:06 | Ancient of Wind |
| 6:38 | Evasion |
| 6:46 | Archer |
| 7:13 | Trueshot Aura |
| 7:21 | Hippogryph |
| 7:23 | Strength of the Moon |
| 7:26 | Archer |
| 7:29 | Hippogryph |
| 7:46 | Archer |
| 7:47 | Hippogryph |
| 8:22 | Hippogryph |
| 8:23 | Marksmanship |
| 8:25 | Archer |
| 8:49 | Scroll of Town Portal |
| 9:16 | Moon Well |
| 9:22 | Moon Well |
| 10:11 | Immolation |
| 10:30 | Hippogryph |
| 10:30 | Archer |
| 10:31 | Archer |
| 10:40 | Searing Arrows |
| 11:32 | Archer |
| 11:36 | Hippogryph |
| 11:38 | Improved Strength of the Moon |
| 11:40 | Wisp |
| 11:40 | Wisp |
| 11:40 | Wisp |
| 11:46 | Moon Well |
| 12:09 | Ultravision |
| 12:50 | Trueshot Aura |
| 13:11 | Archer |
| 13:26 | Hippogryph |
| 13:26 | Hippogryph |
| 13:26 | Archer |
| 13:27 | Archer |
| 13:27 | Archer |
| 13:27 | Archer |
| 13:38 | Moon Well |
| 14:27 | Advanced Strength of the Moon |
| 14:34 | Orb of Venom |
| 14:43 | Hippogryph |
| 16:07 | Moon Armor |
| 16:09 | Archer |
| 16:29 | Archer |
| 16:31 | Hippogryph |
| 16:50 | Moon Well |
| 17:29 | Hippogryph |
| 17:29 | Archer |
| 17:31 | Archer |
| 18:06 | Archer |
| 18:07 | Hippogryph |
| 18:42 | Hippogryph |
| 18:43 | Hippogryph |
| 18:45 | Archer |
| 20:49 | Scroll of Town Portal |
| 20:51 | Archer |
| 20:53 | Hippogryph |
| 20:54 | Archer |
| 21:05 | Ancient Protector |
| 21:17 | Hippogryph |
| 21:31 | Archer |
| 22:09 | Hippogryph |
| 22:09 | Archer |
| 22:11 | Archer |
| 22:47 | Archer |
| 22:48 | Hippogryph |
| 23:41 | Searing Arrows |
| 23:52 | Evasion |
| 23:56 | Archer |
| 24:06 | Chimaera Roost |
| 24:08 | Scroll of Town Portal |
| 24:26 | Archer |
| 25:09 | Archer |
| 25:09 | Archer |
| 25:10 | Hippogryph |
| 25:19 | Metamorphosis |
| 25:31 | Archer |
| 25:32 | Hippogryph |
| 26:00 | Archer |
| 26:01 | Hippogryph |
| 26:41 | Tree of Life |
| 27:49 | Immolation |
| 27:51 | Archer |
| 27:51 | Archer |
| 27:52 | Archer |
| 28:00 | Archer |
| 28:41 | Archer |
| 28:42 | Hippogryph |
| 28:42 | Hippogryph |
| 29:11 | Mana Burn |
| 29:19 | Ancient Protector |
| 29:21 | Ancient Protector |
| 29:26 | Ancient Protector |
| 29:29 | Wisp |
| 30:21 | Ancient Protector |
| 31:42 | Archer |
| 31:43 | Hippogryph |
| 31:43 | Hippogryph |
| 31:44 | Archer |
| 31:44 | Archer |
| 31:44 | Archer |
| 33:03 | Archer |
| 33:04 | Hippogryph |
| 33:04 | Hippogryph |
| 33:04 | Hippogryph |
| 33:04 | Hippogryph |
| Right click | 1317 |
| Select | 499 |
| Build/train/purchase | 154 |
| Select group | 101 |
| Assign group | 43 |
| Misc. action | 15 |
| Use ability | 15 |
| Minimap ping | 8 |
| Chat | 5 |
| Item give/drop | 2 |


| Healing Salve | 6 | 600 |
| Scroll of Speed | 3 | 150 |
| Lesser Clarity Potion | 14 | 980 |
| Potion of Mana | 5 | 1000 |
| Scroll of Town Portal | 6 | 2100 |
| Staff of Teleportation | 1 | 150 |
| Potion of Lesser Invulnerability | 1 | 150 |
| Orb of Venom | 1 | 325 |
| total: | 37 | 5455g |
| Peon | 9 | 675 | / | 0 |
| Grunt | 3 | 600 | / | 0 |
| Raider | 13 | 2340 | / | 520 |
| Troll Batrider | 23 | 3680 | / | 920 |
| Shaman | 11 | 1430 | / | 220 |
| Wind Rider | 4 | 1060 | / | 160 |
| Kodo Beast | 1 | 255 | / | 60 |
| Troll Witch Doctor | 4 | 580 | / | 100 |
| Goblin Shredder | 1 | 375 | / | 100 |
| total: | 69 | 10995g | / | 2080w |
| Watch Tower | 16 | 1760 | / | 1280 |
| Altar of Storms | 2 | 360 | / | 100 |
| Orc Burrow | 10 | 1600 | / | 400 |
| Barracks | 1 | 180 | / | 50 |
| Voodoo Lounge | 1 | 130 | / | 30 |
| Great Hall | 2 | 770 | / | 370 |
| War Mill | 1 | 205 | / | 0 |
| Beastiary | 3 | 435 | / | 420 |
| Spirit Lodge | 2 | 300 | / | 300 |
| Stronghold | 1 | 315 | / | 190 |
| Fortress | 1 | 325 | / | 190 |
| total: | 38 | 5740g | / | 2950w |
| 0:02 | Peon |
| 0:02 | Peon |
| 0:05 | Altar of Storms |
| 0:10 | Altar of Storms |
| 0:18 | Orc Burrow |
| 0:19 | Peon |
| 0:36 | Barracks |
| 0:44 | Peon |
| 0:55 | Peon |
| 1:06 | Peon |
| 1:18 | Peon |
| 1:26 | Orc Burrow |
| 1:36 | Grunt |
| 1:50 | Voodoo Lounge |
| 2:01 | Peon |
| 2:08 | Shockwave |
| 2:22 | Grunt |
| 2:36 | Grunt |
| 2:54 | Healing Salve |
| 2:54 | Healing Salve |
| 3:15 | Stronghold |
| 3:53 | Great Hall |
| 3:54 | Endurance Aura |
| 4:20 | Orc Burrow |
| 4:49 | Shockwave |
| 4:59 | Healing Salve |
| 4:59 | Scroll of Speed |
| 5:01 | Lesser Clarity Potion |
| 5:04 | Goblin Shredder |
| 5:44 | Beastiary |
| 5:47 | War Mill |
| 5:59 | Lesser Clarity Potion |
| 5:59 | Potion of Mana |
| 6:04 | Beastiary |
| 6:28 | Pillage |
| 6:38 | Peon |
| 6:38 | Orc Burrow |
| 6:59 | Raider |
| 7:01 | Reinforced Defenses |
| 7:10 | Raider |
| 7:19 | Steel Melee Weapons |
| 7:21 | Ensnare |
| 7:37 | Raider |
| 7:45 | Watch Tower |
| 7:47 | Watch Tower |
| 7:51 | Watch Tower |
| 7:54 | Endurance Aura |
| 7:59 | Raider |
| 8:00 | Raider |
| 8:12 | Watch Tower |
| 8:13 | Watch Tower |
| 8:45 | Raider |
| 8:47 | Orc Burrow |
| 8:58 | Steel Armor |
| 9:14 | Thorium Melee Weapons |
| 9:17 | Lesser Clarity Potion |
| 9:18 | Potion of Mana |
| 9:26 | Scroll of Town Portal |
| 9:26 | Lesser Clarity Potion |
| 9:42 | Spirit Lodge |
| 9:52 | Fortress |
| 9:55 | Arcanite Melee Weapons |
| 10:05 | Orc Burrow |
| 10:41 | Troll Batrider |
| 10:41 | Troll Batrider |
| 10:52 | Lesser Clarity Potion |
| 10:52 | Scroll of Town Portal |
| 10:59 | Shaman Adept Training |
| 11:00 | Steel Ranged Weapons |
| 11:30 | Troll Batrider |
| 11:59 | Healing Salve |
| 11:59 | Lesser Clarity Potion |
| 12:01 | Scroll of Town Portal |
| 12:01 | Lesser Clarity Potion |
| 12:01 | Scroll of Speed |
| 12:31 | Shaman Master Training |
| 12:32 | Envenomed Spears |
| 12:43 | Shockwave |
| 12:48 | Troll Batrider |
| 12:48 | Troll Batrider |
| 13:05 | Troll Batrider |
| 13:06 | Liquid Fire |
| 13:08 | War Drums Damage Increase |
| 13:48 | Troll Batrider |
| 14:29 | Shaman |
| 14:29 | Shaman |
| 14:43 | Wind Rider |
| 14:43 | Wind Rider |
| 14:56 | Shaman |
| 14:56 | Thorium Ranged Weapons |
| 14:56 | Thorium Armor |
| 14:58 | Lesser Clarity Potion |
| 15:00 | Potion of Mana |
| 15:00 | Scroll of Town Portal |
| 15:19 | Reincarnation |
| 15:37 | Kodo Beast |
| 15:38 | Wind Rider |
| 15:39 | Beastiary |
| 15:39 | Orc Burrow |
| 15:42 | Lesser Clarity Potion |
| 15:54 | Watch Tower |
| 15:55 | Watch Tower |
| 15:55 | Watch Tower |
| 16:04 | Lesser Clarity Potion |
| 16:10 | Shaman |
| 16:11 | Shaman |
| 16:17 | Raider |
| 16:18 | Raider |
| 17:16 | Raider |
| 17:17 | Lesser Clarity Potion |
| 17:17 | Orb of Venom |
| 17:18 | Potion of Mana |
| 17:19 | Lesser Clarity Potion |
| 17:38 | Wind Rider |
| 17:39 | Arcanite Ranged Weapons |
| 17:59 | Troll Batrider |
| 18:18 | Troll Batrider |
| 18:19 | Troll Batrider |
| 18:28 | Healing Salve |
| 18:28 | Scroll of Speed |
| 18:40 | Shaman |
| 18:41 | Orc Burrow |
| 18:43 | Orc Burrow |
| 18:56 | Troll Batrider |
| 19:35 | Troll Batrider |
| 20:07 | Troll Batrider |
| 20:36 | Troll Batrider |
| 20:37 | Endurance Aura |
| 21:34 | Watch Tower |
| 21:35 | Watch Tower |
| 21:35 | Watch Tower |
| 21:36 | Watch Tower |
| 21:39 | Scroll of Town Portal |
| 21:40 | Healing Salve |
| 22:25 | Troll Batrider |
| 22:42 | Witch Doctor Adept Training |
| 22:46 | Spirit Lodge |
| 23:31 | Troll Batrider |
| 23:42 | Staff of Teleportation |
| 23:42 | Scroll of Town Portal |
| 24:32 | War Stomp |
| 24:35 | Witch Doctor Master Training |
| 25:25 | Troll Batrider |
| 25:31 | Lesser Clarity Potion |
| 25:43 | Hex |
| 25:46 | Troll Batrider |
| 25:47 | War Stomp |
| 25:51 | Shaman |
| 25:51 | Troll Witch Doctor |
| 26:06 | Potion of Lesser Invulnerability |
| 26:15 | Great Hall |
| 26:17 | Watch Tower |
| 26:17 | Watch Tower |
| 26:18 | Watch Tower |
| 26:18 | Watch Tower |
| 26:58 | Raider |
| 27:16 | Healing Wave |
| 27:42 | Shaman |
| 27:42 | Troll Witch Doctor |
| 28:10 | Healing Wave |
| 28:16 | Shaman |
| 28:16 | Troll Witch Doctor |
| 28:41 | Shaman |
| 28:42 | Troll Witch Doctor |
| 28:48 | War Stomp |
| 29:12 | Troll Batrider |
| 29:12 | Troll Batrider |
| 29:30 | Shaman |
| 29:32 | Troll Batrider |
| 30:22 | Lesser Clarity Potion |
| 30:23 | Potion of Mana |
| 31:17 | Hex |
| 31:19 | Troll Batrider |
| 31:19 | Troll Batrider |
| 31:34 | Raider |
| 32:01 | Orc Burrow |
| 32:02 | Raider |
| 32:57 | Raider |
| Right click | 2158 |
| Select group | 1509 |
| Select | 962 |
| Use ability | 335 |
| Misc. action | 218 |
| Build/train/purchase | 206 |
| Assign group | 179 |
| Chat | 112 |
| Esc | 12 |
| Item give/drop | 4 |
| Minimap ping | 1 |


| Rod of Necromancy | 3 | 450 |
| Lesser Clarity Potion | 4 | 280 |
| Orb of Corruption | 1 | 375 |
| Potion of Healing | 1 | 150 |
| Scroll of Town Portal | 4 | 1400 |
| Scroll of Healing | 4 | 1000 |
| Potion of Lesser Invulnerability | 1 | 150 |
| Scroll of Regeneration | 2 | 200 |
| total: | 20 | 4005g |
| Acolyte | 8 | 600 | / | 0 |
| Ghoul | 3 | 360 | / | 0 |
| Crypt Fiend | 27 | 5805 | / | 1080 |
| Obsidian Statue | 8 | 1600 | / | 280 |
| Abomination | 4 | 960 | / | 280 |
| total: | 50 | 9325g | / | 1640w |
| Nerubian Tower | 2 | 200 | / | 40 |
| Spirit Tower | 4 | 580 | / | 160 |
| Crypt | 1 | 200 | / | 50 |
| Graveyard | 1 | 215 | / | 0 |
| Altar of Darkness | 1 | 180 | / | 50 |
| Ziggurat | 6 | 900 | / | 300 |
| Tomb of Relics | 2 | 260 | / | 60 |
| Necropolis | 1 | 225 | / | 0 |
| Slaughterhouse | 2 | 280 | / | 270 |
| Halls of the Dead | 2 | 640 | / | 420 |
| Black Citadel | 2 | 650 | / | 460 |
| total: | 14 | 2260g | / | 730w |
| 0:03 | Acolyte |
| 0:03 | Acolyte |
| 0:08 | Crypt |
| 0:31 | Graveyard |
| 0:53 | Altar of Darkness |
| 0:59 | Ziggurat |
| 1:10 | Ghoul |
| 1:24 | Tomb of Relics |
| 1:25 | Tomb of Relics |
| 1:51 | Ghoul |
| 2:04 | Ziggurat |
| 2:10 | Crypt Fiend |
| 2:50 | Rod of Necromancy |
| 3:00 | Death Coil |
| 3:03 | Crypt Fiend |
| 3:18 | Halls of the Dead |
| 3:42 | Crypt Fiend |
| 3:59 | Crypt Fiend |
| 4:22 | Unholy Aura |
| 4:24 | Ziggurat |
| 4:55 | Ghoul |
| 5:23 | Crypt Fiend |
| 5:39 | Rod of Necromancy |
| 5:44 | Acolyte |
| 6:33 | Death Coil |
| 6:38 | Slaughterhouse |
| 6:40 | Rod of Necromancy |
| 6:46 | Frost Nova |
| 6:53 | Necropolis |
| 7:23 | Slaughterhouse |
| 8:10 | Black Citadel |
| 8:37 | Ziggurat |
| 8:39 | Ziggurat |
| 8:41 | Creature Attack |
| 8:45 | Lesser Clarity Potion |
| 8:57 | Scroll of Town Portal |
| 9:03 | Lesser Clarity Potion |
| 9:16 | Acolyte |
| 9:16 | Acolyte |
| 9:16 | Acolyte |
| 9:50 | Acolyte |
| 9:51 | Nerubian Tower |
| 10:09 | Obsidian Statue |
| 10:11 | Web |
| 10:41 | Crypt Fiend |
| 10:50 | Death Pact |
| 10:56 | Dark Ritual |
| 11:41 | Spirit Tower |
| 11:45 | Crypt Fiend |
| 11:47 | Obsidian Statue |
| 11:47 | Destroyer Form |
| 11:49 | Crypt Fiend |
| 11:54 | Ziggurat |
| 12:15 | Orb of Corruption |
| 12:15 | Scroll of Healing |
| 12:52 | Obsidian Statue |
| 13:02 | Crypt Fiend |
| 13:09 | Crypt Fiend |
| 13:23 | Crypt Fiend |
| 13:38 | Crypt Fiend |
| 14:02 | Crypt Fiend |
| 14:46 | Crypt Fiend |
| 14:50 | Improved Creature Attack |
| 15:15 | Frost Nova |
| 16:00 | Death Coil |
| 16:11 | Crypt Fiend |
| 16:24 | Crypt Fiend |
| 16:56 | Crypt Fiend |
| 16:57 | Dark Ritual |
| 17:12 | Lesser Clarity Potion |
| 17:12 | Lesser Clarity Potion |
| 17:12 | Scroll of Regeneration |
| 17:17 | Scroll of Regeneration |
| 17:25 | Crypt Fiend |
| 17:26 | Obsidian Statue |
| 17:30 | Spirit Tower |
| 17:46 | Crypt Fiend |
| 17:48 | Disease Cloud |
| 17:48 | Abomination |
| 18:21 | Scroll of Town Portal |
| 18:36 | Potion of Lesser Invulnerability |
| 18:50 | Crypt Fiend |
| 19:08 | Crypt Fiend |
| 20:44 | Scroll of Town Portal |
| 21:01 | Crypt Fiend |
| 21:06 | Creature Carapace |
| 21:08 | Abomination |
| 22:09 | Scroll of Healing |
| 23:45 | Obsidian Statue |
| 23:52 | Scroll of Town Portal |
| 23:55 | Potion of Healing |
| 23:55 | Scroll of Healing |
| 24:08 | Crypt Fiend |
| 24:10 | Unholy Armor |
| 24:34 | Crypt Fiend |
| 24:35 | Abomination |
| 25:05 | Animate Dead |
| 25:11 | Frost Nova |
| 25:20 | Crypt Fiend |
| 25:36 | Crypt Fiend |
| 25:37 | Abomination |
| 25:52 | Obsidian Statue |
| 26:22 | Improved Unholy Armor |
| 26:36 | Scroll of Healing |
| 26:42 | Acolyte |
| 28:21 | Unholy Aura |
| 28:22 | Crypt Fiend |
| 28:23 | Obsidian Statue |
| 28:31 | Dark Ritual |
| 28:44 | Obsidian Statue |
| 32:58 | Unholy Aura |
| Right click | 1835 |
| Select group | 1707 |
| Select | 680 |
| Misc. action | 189 |
| Build/train/purchase | 175 |
| Use ability | 100 |
| Assign group | 72 |
| Chat | 13 |
| Item give/drop | 9 |
| Minimap ping | 7 |


| Scroll of Regeneration | 4 | 400 |
| Lesser Clarity Potion | 9 | 630 |
| Orb of Fire | 2 | 650 |
| Staff of Sanctuary | 1 | 250 |
| Potion of Mana | 1 | 200 |
| Potion of Healing | 1 | 150 |
| Ivory Tower | 1 | 40 |
| Scroll of Town Portal | 5 | 1750 |
| Staff of Teleportation | 1 | 150 |
| Potion of Lesser Invulnerability | 1 | 150 |
| Tiny Great Hall | 1 | 600 |
| Healing Salve | 1 | 100 |
| total: | 28 | 5070g |
| Peasant | 37 | 2775 | / | 0 |
| Footman | 15 | 2025 | / | 0 |
| Knight | 3 | 735 | / | 180 |
| Priest | 1 | 135 | / | 10 |
| Forest Troll Berserker | 2 | 490 | / | 60 |
| Ogre Mauler | 1 | 300 | / | 0 |
| Mud Golem | 1 | 145 | / | 10 |
| Forest Troll Shadow Priest | 1 | 195 | / | 10 |
| total: | 61 | 6800g | / | 270w |
| Scout Tower | 5 | 150 | / | 100 |
| Guard Tower | 2 | 140 | / | 100 |
| Arcane Tower | 1 | 70 | / | 50 |
| Altar of Kings | 3 | 540 | / | 150 |
| Farm | 14 | 1120 | / | 280 |
| Barracks | 4 | 640 | / | 240 |
| Town Hall | 5 | 1925 | / | 1025 |
| Arcane Vault | 3 | 390 | / | 90 |
| Lumber Mill | 1 | 120 | / | 0 |
| Blacksmith | 2 | 280 | / | 120 |
| Arcane Sanctum | 3 | 450 | / | 420 |
| Keep | 2 | 640 | / | 420 |
| Castle | 2 | 720 | / | 420 |
| total: | 40 | 5615g | / | 2425w |
| 0:02 | Peasant |
| 0:07 | Altar of Kings |
| 0:14 | Peasant |
| 0:18 | Farm |
| 0:24 | Barracks |
| 0:26 | Peasant |
| 0:37 | Peasant |
| 0:49 | Farm |
| 0:55 | Peasant |
| 1:06 | Peasant |
| 1:27 | Farm |
| 1:28 | Footman |
| 1:29 | Peasant |
| 1:45 | Peasant |
| 1:50 | Footman |
| 2:04 | Footman |
| 2:11 | Peasant |
| 2:13 | Summon Water Elemental |
| 2:27 | Peasant |
| 2:51 | Brilliance Aura |
| 2:59 | Town Hall |
| 3:04 | Peasant |
| 3:20 | Footman |
| 3:54 | Footman |
| 4:07 | Peasant |
| 4:24 | Footman |
| 4:30 | Peasant |
| 4:32 | Arcane Vault |
| 4:34 | Lumber Mill |
| 4:46 | Keep |
| 4:47 | Footman |
| 4:50 | Peasant |
| 5:01 | Barracks |
| 5:13 | Scroll of Regeneration |
| 5:13 | Lesser Clarity Potion |
| 5:17 | Footman |
| 5:22 | Peasant |
| 5:23 | Peasant |
| 5:38 | Improved Lumber Harvesting |
| 5:39 | Footman |
| 5:43 | Summon Water Elemental |
| 5:51 | Forest Troll Berserker |
| 5:57 | Farm |
| 5:59 | Farm |
| 6:08 | Defend |
| 6:11 | Improved Masonry |
| 6:13 | Scout Tower |
| 6:15 | Scout Tower |
| 6:36 | Footman |
| 6:39 | Scout Tower |
| 6:42 | Scout Tower |
| 6:44 | Scout Tower |
| 6:46 | Guard Tower |
| 6:53 | Lesser Clarity Potion |
| 6:53 | Scroll of Regeneration |
| 7:02 | Peasant |
| 7:02 | Peasant |
| 7:09 | Footman |
| 7:14 | Arcane Tower |
| 7:23 | Guard Tower |
| 7:37 | Advanced Lumber Harvesting |
| 8:14 | Farm |
| 8:14 | Farm |
| 8:17 | Castle |
| 8:31 | Holy Light |
| 8:33 | Footman |
| 8:35 | Advanced Masonry |
| 8:40 | Arcane Sanctum |
| 8:41 | Arcane Sanctum |
| 9:00 | Blacksmith |
| 9:01 | Blacksmith |
| 9:08 | Brilliance Aura |
| 9:37 | Footman |
| 9:50 | Footman |
| 9:53 | Arcane Sanctum |
| 10:13 | Divine Shield |
| 10:17 | Footman |
| 10:20 | Iron Forged Swords |
| 10:20 | Iron Plating |
| 10:37 | Priest Adept Training |
| 10:40 | Animal War Training |
| 10:41 | Knight |
| 10:44 | Farm |
| 10:47 | Farm |
| 10:48 | Farm |
| 10:49 | Imbued Masonry |
| 11:21 | Steel Forged Swords |
| 11:22 | Steel Plating |
| 11:28 | Holy Light |
| 11:40 | Knight |
| 11:41 | Priest Master Training |
| 11:44 | Priest |
| 11:48 | Town Hall |
| 13:03 | Knight |
| 13:17 | Scroll of Regeneration |
| 13:17 | Lesser Clarity Potion |
| 13:19 | Scroll of Town Portal |
| 13:19 | Orb of Fire |
| 13:25 | Staff of Sanctuary |
| 14:23 | Summon Water Elemental |
| 15:06 | Arcane Vault |
| 15:27 | Lesser Clarity Potion |
| 15:27 | Scroll of Regeneration |
| 15:30 | Orb of Fire |
| 15:30 | Potion of Mana |
| 15:32 | Potion of Healing |
| 15:38 | Keep |
| 15:55 | Ogre Mauler |
| 15:55 | Mud Golem |
| 15:55 | Forest Troll Berserker |
| 15:55 | Forest Troll Shadow Priest |
| 16:57 | Divine Shield |
| 17:17 | Barracks |
| 17:18 | Barracks |
| 17:22 | Peasant |
| 17:22 | Peasant |
| 17:29 | Altar of Kings |
| 18:04 | Castle |
| 18:09 | Arcane Vault |
| 18:27 | Peasant |
| 18:27 | Peasant |
| 18:28 | Peasant |
| 18:28 | Peasant |
| 18:39 | Town Hall |
| 19:24 | Lesser Clarity Potion |
| 19:24 | Scroll of Town Portal |
| 19:25 | Ivory Tower |
| 19:47 | Farm |
| 19:48 | Farm |
| 19:51 | Farm |
| 19:51 | Farm |
| 21:06 | Lesser Clarity Potion |
| 21:13 | Scroll of Town Portal |
| 21:19 | Tiny Great Hall |
| 21:29 | Town Hall |
| 21:31 | Town Hall |
| 22:02 | Peasant |
| 22:02 | Peasant |
| 22:02 | Peasant |
| 22:02 | Peasant |
| 22:58 | Altar of Kings |
| 23:02 | Peasant |
| 23:07 | Lesser Clarity Potion |
| 23:09 | Lesser Clarity Potion |
| 23:16 | Scroll of Town Portal |
| 23:19 | Peasant |
| 23:19 | Peasant |
| 23:19 | Peasant |
| 23:19 | Peasant |
| 23:42 | Lesser Clarity Potion |
| 23:44 | Healing Salve |
| 23:53 | Peasant |
| 23:53 | Peasant |
| 23:53 | Peasant |
| 23:54 | Peasant |
| 25:55 | Scroll of Town Portal |
| 26:57 | Holy Light |
| 30:13 | Staff of Teleportation |
| 30:19 | Potion of Lesser Invulnerability |
| 30:41 | Resurrection |
| 30:45 | Mass Teleport |
| Right click | 1418 |
| Select | 685 |
| Select group | 638 |
| Build/train/purchase | 275 |
| Misc. action | 267 |
| Assign group | 157 |
| Use ability | 85 |
| Esc | 10 |
| Item give/drop | 6 |
| Minimap ping | 4 |
| Chat | 4 |
257 units @ 35.3k
/ 4.8k
119 buildings @ 18.4k
/ 7.6k

| Healing Salve | 4 | 400 |
| Orb of Lightning | 1 | 375 |
| Lesser Clarity Potion | 5 | 350 |
| Potion of Mana | 6 | 1200 |
| Scroll of Speed | 1 | 50 |
| Potion of Healing | 5 | 750 |
| Scroll of Town Portal | 6 | 2100 |
| Potion of Lesser Invulnerability | 1 | 150 |
| Boots of Speed | 1 | 250 |
| total: | 30 | 5625g |
| Peon | 17 | 1275 | / | 0 |
| Troll Headhunter | 8 | 1120 | / | 160 |
| Demolisher | 8 | 1760 | / | 400 |
| Kodo Beast | 4 | 1020 | / | 240 |
| Troll Berserker | 5 | 700 | / | 100 |
| Wind Rider | 3 | 795 | / | 120 |
| Troll Batrider | 17 | 2720 | / | 680 |
| Goblin Shredder | 1 | 375 | / | 100 |
| total: | 63 | 9765g | / | 1800w |
| Watch Tower | 15 | 1650 | / | 1200 |
| Orc Burrow | 9 | 1440 | / | 360 |
| War Mill | 3 | 615 | / | 0 |
| Barracks | 1 | 180 | / | 50 |
| Altar of Storms | 1 | 180 | / | 50 |
| Voodoo Lounge | 6 | 780 | / | 180 |
| Great Hall | 5 | 1925 | / | 925 |
| Beastiary | 2 | 290 | / | 280 |
| Stronghold | 1 | 315 | / | 190 |
| Fortress | 1 | 325 | / | 190 |
| total: | 42 | 7060g | / | 3045w |
| 0:02 | Peon |
| 0:02 | Peon |
| 0:02 | Peon |
| 0:03 | Peon |
| 0:33 | Orc Burrow |
| 0:41 | War Mill |
| 0:44 | War Mill |
| 0:50 | Barracks |
| 1:04 | Altar of Storms |
| 1:10 | Peon |
| 1:16 | Peon |
| 1:38 | Voodoo Lounge |
| 1:44 | Peon |
| 1:54 | Orc Burrow |
| 2:08 | Peon |
| 2:15 | Troll Headhunter |
| 2:22 | Peon |
| 2:36 | Troll Headhunter |
| 2:49 | Watch Tower |
| 2:51 | Spiked Barricades |
| 3:03 | Troll Headhunter |
| 3:05 | Shockwave |
| 3:31 | Troll Headhunter |
| 3:45 | Stronghold |
| 3:55 | Troll Headhunter |
| 4:05 | Healing Salve |
| 4:14 | Troll Headhunter |
| 4:33 | Orc Burrow |
| 4:51 | Endurance Aura |
| 5:01 | Steel Ranged Weapons |
| 5:05 | Watch Tower |
| 5:11 | Watch Tower |
| 5:37 | Orc Burrow |
| 5:51 | Shockwave |
| 6:05 | Fortress |
| 6:11 | Beastiary |
| 6:14 | Beastiary |
| 6:16 | Steel Armor |
| 6:49 | Troll Regeneration |
| 6:51 | Reinforced Defenses |
| 8:32 | War Drums Damage Increase |
| 8:32 | Envenomed Spears |
| 8:34 | Scroll of Town Portal |
| 8:35 | Orb of Lightning |
| 8:35 | Healing Salve |
| 8:35 | Lesser Clarity Potion |
| 8:41 | Endurance Aura |
| 8:43 | Berserker Upgrade |
| 8:47 | Peon |
| 8:47 | Peon |
| 8:50 | War Mill |
| 9:02 | Troll Headhunter |
| 9:07 | Troll Headhunter |
| 9:07 | Burning Oil |
| 10:10 | Demolisher |
| 10:13 | Kodo Beast |
| 10:16 | Thorium Ranged Weapons |
| 10:42 | Potion of Lesser Invulnerability |
| 10:45 | Boots of Speed |
| 11:22 | Shockwave |
| 11:26 | Troll Berserker |
| 11:27 | Troll Berserker |
| 11:31 | Kodo Beast |
| 12:09 | Demolisher |
| 12:18 | Great Hall |
| 13:23 | Troll Berserker |
| 13:24 | Demolisher |
| 13:26 | Demolisher |
| 13:30 | Reincarnation |
| 13:59 | Kodo Beast |
| 14:28 | Orc Burrow |
| 14:31 | Orc Burrow |
| 15:16 | Endurance Aura |
| 15:37 | Kodo Beast |
| 15:39 | Demolisher |
| 16:32 | Troll Berserker |
| 16:32 | Troll Berserker |
| 17:13 | Orc Burrow |
| 17:21 | Voodoo Lounge |
| 17:21 | Voodoo Lounge |
| 17:29 | Scroll of Town Portal |
| 17:29 | Healing Salve |
| 17:35 | Potion of Mana |
| 17:36 | Lesser Clarity Potion |
| 17:47 | Wind Rider |
| 17:51 | Arcanite Ranged Weapons |
| 17:56 | Orc Burrow |
| 18:16 | Demolisher |
| 18:23 | Watch Tower |
| 18:53 | Wind Rider |
| 18:56 | Demolisher |
| 19:37 | Wind Rider |
| 20:03 | Voodoo Lounge |
| 20:14 | Great Hall |
| 20:57 | Liquid Fire |
| 20:59 | Thorium Armor |
| 21:02 | Improved Spiked Barricades |
| 21:28 | Great Hall |
| 21:56 | Scroll of Town Portal |
| 21:56 | Healing Salve |
| 22:01 | Scroll of Speed |
| 22:14 | Demolisher |
| 22:26 | Watch Tower |
| 22:29 | Peon |
| 23:13 | Watch Tower |
| 23:37 | War Stomp |
| 23:56 | Watch Tower |
| 23:59 | Voodoo Lounge |
| 23:59 | Watch Tower |
| 24:24 | Great Hall |
| 24:27 | Watch Tower |
| 24:30 | Voodoo Lounge |
| 24:31 | Watch Tower |
| 24:33 | Orc Burrow |
| 25:33 | Scroll of Town Portal |
| 25:33 | Lesser Clarity Potion |
| 25:35 | Potion of Mana |
| 25:37 | Potion of Healing |
| 25:38 | Potion of Mana |
| 25:53 | Watch Tower |
| 26:05 | Watch Tower |
| 26:17 | Arcanite Armor |
| 26:18 | Troll Batrider |
| 26:18 | Troll Batrider |
| 26:19 | Troll Batrider |
| 26:24 | Peon |
| 26:24 | Peon |
| 26:45 | Watch Tower |
| 26:47 | Goblin Shredder |
| 27:07 | Troll Batrider |
| 27:08 | Troll Batrider |
| 27:09 | Troll Batrider |
| 28:06 | Peon |
| 28:07 | Peon |
| 28:07 | Peon |
| 28:13 | Great Hall |
| 29:00 | Potion of Healing |
| 29:00 | Potion of Mana |
| 29:02 | Lesser Clarity Potion |
| 29:03 | Scroll of Town Portal |
| 29:09 | Troll Batrider |
| 29:13 | Watch Tower |
| 29:39 | Troll Batrider |
| 30:02 | Potion of Healing |
| 30:04 | Potion of Mana |
| 30:34 | War Stomp |
| 30:55 | Troll Batrider |
| 30:56 | Troll Batrider |
| 30:56 | Troll Batrider |
| 30:59 | Lesser Clarity Potion |
| 31:01 | Potion of Healing |
| 31:02 | Scroll of Town Portal |
| 31:02 | Potion of Healing |
| 31:18 | Watch Tower |
| 31:34 | Troll Batrider |
| 31:41 | Potion of Mana |
| 32:00 | Troll Batrider |
| 32:59 | Troll Batrider |
| 32:59 | Troll Batrider |
| 32:59 | Troll Batrider |
| 33:00 | Troll Batrider |
| Right click | 1560 |
| Select group | 696 |
| Select | 409 |
| Misc. action | 233 |
| Build/train/purchase | 168 |
| Use ability | 66 |
| Assign group | 55 |
| Remove unit | 7 |
| Item give/drop | 5 |
| Esc | 4 |
| Minimap ping | 4 |



| Rod of Necromancy | 1 | 150 |
| Potion of Healing | 3 | 450 |
| Orb of Corruption | 1 | 375 |
| Potion of Mana | 1 | 200 |
| Scroll of Town Portal | 3 | 1050 |
| Scroll of Healing | 1 | 250 |
| Healing Salve | 1 | 100 |
| total: | 11 | 2575g |
| Acolyte | 21 | 1575 | / | 0 |
| Ghoul | 6 | 720 | / | 0 |
| Crypt Fiend | 2 | 430 | / | 80 |
| Gargoyle | 12 | 2100 | / | 360 |
| Frost Wyrm | 3 | 1155 | / | 360 |
| Knight | 3 | 735 | / | 180 |
| total: | 47 | 6715g | / | 980w |
| Spirit Tower | 4 | 580 | / | 160 |
| Nerubian Tower | 2 | 200 | / | 40 |
| Graveyard | 1 | 215 | / | 0 |
| Crypt | 3 | 600 | / | 150 |
| Altar of Darkness | 1 | 180 | / | 50 |
| Ziggurat | 9 | 1350 | / | 450 |
| Tomb of Relics | 1 | 130 | / | 30 |
| Necropolis | 3 | 675 | / | 0 |
| Boneyard | 1 | 175 | / | 200 |
| Halls of the Dead | 1 | 320 | / | 210 |
| Black Citadel | 1 | 325 | / | 230 |
| Altar of Kings | 3 | 540 | / | 150 |
| total: | 22 | 3865g | / | 1030w |
| 0:03 | Acolyte |
| 0:03 | Acolyte |
| 0:12 | Graveyard |
| 0:19 | Crypt |
| 0:22 | Acolyte |
| 0:49 | Altar of Darkness |
| 0:59 | Ziggurat |
| 1:20 | Ghoul |
| 1:29 | Tomb of Relics |
| 1:52 | Crypt Fiend |
| 2:16 | Ziggurat |
| 2:25 | Crypt Fiend |
| 2:50 | Carrion Beetles |
| 2:53 | Rod of Necromancy |
| 3:08 | Acolyte |
| 3:10 | Ghoul |
| 3:12 | Ghoul |
| 3:41 | Necropolis |
| 3:59 | Spiked Carapace |
| 5:13 | Acolyte |
| 5:13 | Acolyte |
| 5:13 | Acolyte |
| 5:13 | Acolyte |
| 5:13 | Acolyte |
| 5:51 | Halls of the Dead |
| 5:53 | Creature Attack |
| 6:06 | Crypt |
| 6:13 | Crypt |
| 6:15 | Ziggurat |
| 6:16 | Ziggurat |
| 6:18 | Ziggurat |
| 6:44 | Spiked Carapace |
| 6:52 | Ghoul |
| 6:52 | Ghoul |
| 6:52 | Ghoul |
| 7:13 | Creature Carapace |
| 8:13 | Gargoyle |
| 8:20 | Spirit Tower |
| 9:03 | Acolyte |
| 9:03 | Acolyte |
| 9:28 | Gargoyle |
| 9:30 | Death Coil |
| 9:42 | Ziggurat |
| 9:47 | Ziggurat |
| 9:50 | Ziggurat |
| 10:05 | Gargoyle |
| 10:51 | Necropolis |
| 11:04 | Nerubian Tower |
| 11:07 | Spirit Tower |
| 11:57 | Spirit Tower |
| 11:58 | Spirit Tower |
| 12:05 | Gargoyle |
| 12:20 | Gargoyle |
| 12:25 | Gargoyle |
| 13:20 | Black Citadel |
| 13:21 | Improved Creature Attack |
| 14:14 | Unholy Aura |
| 14:21 | Gargoyle |
| 14:28 | Impale |
| 14:59 | Ziggurat |
| 15:04 | Gargoyle |
| 15:56 | Nerubian Tower |
| 16:08 | Death Coil |
| 16:19 | Potion of Healing |
| 16:21 | Scroll of Town Portal |
| 16:24 | Orb of Corruption |
| 16:29 | Acolyte |
| 17:28 | Improved Creature Carapace |
| 17:31 | Boneyard |
| 17:54 | Necropolis |
| 19:22 | Frost Wyrm |
| 20:56 | Gargoyle |
| 21:05 | Impale |
| 21:16 | Gargoyle |
| 21:24 | Acolyte |
| 21:24 | Acolyte |
| 21:30 | Frost Nova |
| 21:50 | Acolyte |
| 22:00 | Acolyte |
| 22:00 | Acolyte |
| 23:31 | Unholy Aura |
| 23:34 | Scroll of Healing |
| 23:40 | Scroll of Town Portal |
| 23:52 | Acolyte |
| 23:53 | Acolyte |
| 23:53 | Acolyte |
| 23:53 | Acolyte |
| 24:25 | Advanced Creature Carapace |
| 24:44 | Frost Armor |
| 25:05 | Gargoyle |
| 25:08 | Frost Wyrm |
| 26:24 | Frost Wyrm |
| 26:25 | Advanced Creature Attack |
| 27:44 | Gargoyle |
| 29:15 | Knight |
| 29:47 | Potion of Healing |
| 30:06 | Potion of Healing |
| 30:15 | Healing Salve |
| 30:23 | Potion of Mana |
| 30:24 | Scroll of Town Portal |
| 30:32 | Knight |
| 31:16 | Knight |
| 32:16 | Altar of Kings |
| 32:36 | Altar of Kings |
| 32:53 | Altar of Kings |
| Right click | 2247 |
| Select group | 1239 |
| Select | 766 |
| Build/train/purchase | 102 |
| Assign group | 61 |
| Use ability | 56 |
| Resource trade | 14 |
| Item give/drop | 4 |
| Remove unit | 3 |
| Minimap ping | 2 |
| Misc. action | 1 |


| Potion of Healing | 1 | 150 |
| Moonstone | 1 | 50 |
| Anti-magic Potion | 1 | 100 |
| Scroll of Town Portal | 3 | 1050 |
| total: | 6 | 1350g |
| Wisp | 26 | 1560 | / | 0 |
| Archer | 48 | 6240 | / | 480 |
| Druid of the Talon | 16 | 2320 | / | 320 |
| Hippogryph | 12 | 1920 | / | 240 |
| Chimaera | 1 | 330 | / | 70 |
| total: | 103 | 12370g | / | 1110w |
| Altar of Elders | 1 | 180 | / | 50 |
| Moon Well | 8 | 1440 | / | 320 |
| Ancient of War | 1 | 150 | / | 60 |
| Tree of Life | 3 | 1020 | / | 555 |
| Hunter's Hall | 1 | 210 | / | 100 |
| Ancient of Wonders | 1 | 90 | / | 30 |
| Ancient of Wind | 4 | 600 | / | 560 |
| Chimaera Roost | 2 | 280 | / | 380 |
| Tree of Ages | 1 | 320 | / | 180 |
| Tree of Eternity | 1 | 330 | / | 200 |
| total: | 21 | 3970g | / | 2055w |
| 0:01 | Wisp |
| 0:06 | Altar of Elders |
| 0:08 | Wisp |
| 0:18 | Moon Well |
| 0:27 | Wisp |
| 0:28 | Wisp |
| 0:33 | Ancient of War |
| 0:38 | Wisp |
| 0:46 | Wisp |
| 0:50 | Wisp |
| 1:15 | Wisp |
| 1:29 | Moon Well |
| 1:32 | Wisp |
| 1:33 | Wisp |
| 1:40 | Archer |
| 1:49 | Wisp |
| 2:01 | Wisp |
| 2:02 | Wisp |
| 2:08 | Force of Nature |
| 2:28 | Archer |
| 2:49 | Tree of Ages |
| 3:16 | Tree of Life |
| 3:30 | Archer |
| 3:37 | Thorns Aura |
| 3:42 | Archer |
| 3:58 | Moon Well |
| 4:13 | Archer |
| 4:27 | Hunter's Hall |
| 5:11 | Archer |
| 5:14 | Wisp |
| 5:14 | Wisp |
| 5:18 | Ancient of Wind |
| 5:25 | Ancient of Wonders |
| 5:29 | Force of Nature |
| 5:50 | Archer |
| 5:50 | Improved Bows |
| 6:26 | Druid of the Talon |
| 6:27 | Druid of the Talon Adept Training |
| 6:31 | Wisp |
| 6:31 | Wisp |
| 6:31 | Wisp |
| 6:33 | Wisp |
| 6:55 | Archer |
| 7:05 | Moon Well |
| 7:13 | Trueshot Aura |
| 7:21 | Wisp |
| 7:49 | Archer |
| 7:50 | Druid of the Talon |
| 7:54 | Tree of Eternity |
| 8:26 | Archer |
| 8:26 | Druid of the Talon |
| 8:31 | Archer |
| 8:32 | Druid of the Talon |
| 8:38 | Ancient of Wind |
| 9:06 | Scroll of Town Portal |
| 9:10 | Potion of Healing |
| 9:18 | Hippogryph |
| 9:21 | Archer |
| 9:23 | Strength of the Moon |
| 9:24 | Strength of the Wild |
| 9:39 | Hippogryph |
| 9:54 | Moon Well |
| 10:02 | Thorns Aura |
| 10:15 | Ancient of Wind |
| 10:18 | Searing Arrows |
| 10:23 | Archer |
| 10:25 | Druid of the Talon |
| 10:33 | Well Spring |
| 10:37 | Moon Well |
| 11:03 | Moonstone |
| 11:11 | Archer |
| 11:11 | Marksmanship |
| 11:13 | Hippogryph |
| 11:37 | Druid of the Talon |
| 11:43 | Ancient of Wind |
| 11:46 | Moon Well |
| 11:51 | Trueshot Aura |
| 11:53 | Archer |
| 11:54 | Druid of the Talon |
| 12:21 | Hippogryph |
| 12:51 | Archer |
| 12:52 | Hippogryph |
| 13:14 | Archer |
| 13:15 | Druid of the Talon |
| 13:17 | Archer |
| 13:24 | Improved Strength of the Moon |
| 13:47 | Druid of the Talon |
| 14:06 | Thorns Aura |
| 14:33 | Archer |
| 14:35 | Druid of the Talon |
| 14:39 | Improved Strength of the Wild |
| 15:12 | Hippogryph |
| 15:22 | Searing Arrows |
| 15:32 | Archer |
| 16:10 | Archer |
| 16:11 | Druid of the Talon |
| 16:16 | Advanced Strength of the Moon |
| 17:15 | Archer |
| 17:21 | Archer |
| 17:26 | Druid of the Talon |
| 17:29 | Advanced Strength of the Wild |
| 17:30 | Moon Armor |
| 17:30 | Reinforced Hides |
| 17:50 | Moon Well |
| 18:01 | Archer |
| 18:04 | Archer |
| 18:14 | Scroll of Town Portal |
| 18:26 | Archer |
| 18:36 | Archer |
| 18:39 | Hippogryph |
| 18:51 | Nature's Blessing |
| 19:10 | Archer |
| 19:28 | Archer |
| 19:31 | Ultravision |
| 20:14 | Hippogryph |
| 20:22 | Improved Moon Armor |
| 20:37 | Hippogryph |
| 21:13 | Hippogryph |
| 21:40 | Tree of Life |
| 22:38 | Archer |
| 22:41 | Improved Reinforced Hides |
| 22:50 | Trueshot Aura |
| 23:08 | Archer |
| 23:56 | Archer |
| 24:00 | Wisp |
| 24:00 | Wisp |
| 24:00 | Wisp |
| 24:00 | Wisp |
| 25:03 | Archer |
| 25:05 | Druid of the Talon |
| 25:09 | Druid of the Talon |
| 25:10 | Archer |
| 25:34 | Archer |
| 25:39 | Hippogryph |
| 26:02 | Scroll of Town Portal |
| 26:12 | Anti-magic Potion |
| 26:18 | Druid of the Talon Master Training |
| 26:19 | Archer |
| 26:37 | Archer |
| 26:45 | Hippogryph |
| 27:00 | Tranquility |
| 27:10 | Archer |
| 27:14 | Druid of the Talon |
| 27:39 | Archer |
| 28:26 | Archer |
| 28:29 | Chimaera Roost |
| 28:32 | Chimaera Roost |
| 28:42 | Tree of Life |
| 28:46 | Archer |
| 29:00 | Druid of the Talon |
| 29:01 | Archer |
| 29:20 | Wisp |
| 29:25 | Wisp |
| 29:52 | Archer |
| 30:01 | Chimaera |
| 30:03 | Advanced Reinforced Hides |
| 30:12 | Archer |
| 30:17 | Archer |
| 30:41 | Archer |
| 31:01 | Corrosive Breath |
| 32:45 | Archer |
| 32:46 | Archer |
| Select group | 1088 |
| Right click | 839 |
| Select | 676 |
| Misc. action | 324 |
| Build/train/purchase | 156 |
| Assign group | 127 |
| Use ability | 38 |
| Remove unit | 3 |
| Item give/drop | 1 |



| Scroll of Regeneration | 4 | 400 |
| Lesser Clarity Potion | 3 | 210 |
| Staff of Sanctuary | 2 | 500 |
| Orb of Fire | 1 | 325 |
| Scroll of Town Portal | 3 | 1050 |
| Scroll of Healing | 1 | 250 |
| Potion of Lesser Invulnerability | 1 | 150 |
| total: | 15 | 2885g |
| Peasant | 20 | 1500 | / | 0 |
| Footman | 8 | 1080 | / | 0 |
| Gryphon Rider | 5 | 1400 | / | 350 |
| Dragonhawk Rider | 4 | 800 | / | 120 |
| Knight | 7 | 1715 | / | 420 |
| total: | 44 | 6495g | / | 890w |
| Scout Tower | 8 | 240 | / | 160 |
| Arcane Tower | 1 | 70 | / | 50 |
| Guard Tower | 5 | 350 | / | 250 |
| Altar of Kings | 1 | 180 | / | 50 |
| Farm | 15 | 1200 | / | 300 |
| Barracks | 3 | 480 | / | 180 |
| Town Hall | 2 | 770 | / | 410 |
| Lumber Mill | 1 | 120 | / | 0 |
| Arcane Vault | 1 | 130 | / | 30 |
| Blacksmith | 1 | 140 | / | 60 |
| Gryphon Aviary | 2 | 280 | / | 300 |
| Keep | 3 | 960 | / | 630 |
| Castle | 2 | 720 | / | 420 |
| total: | 34 | 3540g | / | 1490w |
| 0:01 | Peasant |
| 0:03 | Altar of Kings |
| 0:06 | Peasant |
| 0:17 | Farm |
| 0:18 | Barracks |
| 0:22 | Peasant |
| 0:30 | Peasant |
| 0:50 | Farm |
| 0:51 | Peasant |
| 0:58 | Peasant |
| 1:19 | Footman |
| 1:22 | Peasant |
| 1:37 | Footman |
| 1:43 | Peasant |
| 1:53 | Peasant |
| 1:59 | Farm |
| 2:03 | Summon Water Elemental |
| 2:07 | Peasant |
| 2:34 | Footman |
| 2:35 | Peasant |
| 2:43 | Brilliance Aura |
| 3:02 | Town Hall |
| 3:08 | Scout Tower |
| 3:13 | Peasant |
| 3:22 | Peasant |
| 3:40 | Arcane Tower |
| 4:10 | Peasant |
| 4:15 | Keep |
| 4:31 | Footman |
| 4:39 | Lumber Mill |
| 4:39 | Summon Water Elemental |
| 4:42 | Footman |
| 4:44 | Arcane Vault |
| 4:46 | Blacksmith |
| 4:58 | Farm |
| 5:06 | Scout Tower |
| 5:06 | Scout Tower |
| 5:34 | Footman |
| 5:34 | Footman |
| 5:41 | Guard Tower |
| 5:50 | Improved Lumber Harvesting |
| 5:59 | Iron Forged Swords |
| 6:00 | Guard Tower |
| 6:28 | Footman |
| 6:43 | Scroll of Town Portal |
| 6:43 | Scroll of Regeneration |
| 6:48 | Lesser Clarity Potion |
| 6:49 | Scroll of Regeneration |
| 6:55 | Castle |
| 7:35 | Storm Bolt |
| 7:51 | Advanced Lumber Harvesting |
| 7:52 | Gryphon Aviary |
| 7:53 | Gryphon Aviary |
| 8:04 | Steel Forged Swords |
| 8:48 | Farm |
| 8:49 | Farm |
| 8:49 | Farm |
| 8:49 | Farm |
| 8:50 | Farm |
| 8:51 | Farm |
| 8:52 | Farm |
| 9:18 | Gryphon Rider |
| 9:32 | Animal War Training |
| 9:55 | Thunder Clap |
| 10:08 | Staff of Sanctuary |
| 10:17 | Holy Light |
| 10:22 | Storm Hammers |
| 10:23 | Farm |
| 10:32 | Studded Leather Armor |
| 10:59 | Gryphon Rider |
| 11:00 | Farm |
| 11:32 | Reinforced Leather Armor |
| 11:55 | Scroll of Town Portal |
| 12:03 | Orb of Fire |
| 12:05 | Scroll of Regeneration |
| 12:06 | Lesser Clarity Potion |
| 12:10 | Staff of Sanctuary |
| 12:22 | Gryphon Rider |
| 12:25 | Brilliance Aura |
| 12:36 | Divine Shield |
| 12:41 | Scout Tower |
| 12:41 | Scout Tower |
| 12:42 | Scout Tower |
| 12:43 | Scout Tower |
| 12:43 | Scout Tower |
| 12:53 | Dragonhide Armor |
| 13:24 | Guard Tower |
| 13:37 | Guard Tower |
| 14:25 | Keep |
| 14:50 | Summon Water Elemental |
| 16:02 | Dragonhawk Rider |
| 16:19 | Storm Bolt |
| 16:55 | Dragonhawk Rider |
| 17:06 | Castle |
| 17:12 | Lesser Clarity Potion |
| 17:21 | Scroll of Regeneration |
| 17:22 | Scroll of Town Portal |
| 17:43 | Dragonhawk Rider |
| 19:11 | Dragonhawk Rider |
| 19:26 | Farm |
| 19:26 | Farm |
| 19:57 | Gryphon Rider |
| 20:16 | Gryphon Rider |
| 20:40 | Holy Light |
| 20:47 | Barracks |
| 21:17 | Town Hall |
| 21:33 | Peasant |
| 21:33 | Peasant |
| 21:33 | Peasant |
| 21:34 | Peasant |
| 21:57 | Knight |
| 22:05 | Thunder Clap |
| 22:31 | Peasant |
| 22:43 | Scroll of Healing |
| 22:43 | Potion of Lesser Invulnerability |
| 23:03 | Mass Teleport |
| 23:20 | Knight |
| 23:43 | Divine Shield |
| 23:54 | Knight |
| 23:58 | Iron Plating |
| 24:31 | Barracks |
| 25:42 | Peasant |
| 26:07 | Knight |
| 26:07 | Knight |
| 26:10 | Knight |
| 27:20 | Knight |
| Select group | 2276 |
| Right click | 1857 |
| Select | 825 |
| Misc. action | 255 |
| Build/train/purchase | 191 |
| Use ability | 140 |
| Assign group | 100 |
| Resource trade | 13 |
| Minimap ping | 11 |
| Item give/drop | 7 |
| Esc | 6 |
⇛